MLB
NEW YORK METS @ LOS ANGELES DODGERS
05/08/2039
 
TOP OF THE 1ST
New York Mets batting - Pitching for Los Angeles Dodgers : RHP Min-jun Hong
Pitching: RHP Min-jun Hong
Batting: SHB C.J. Youakim 0-0: Foul Ball, location: 23F
0-1: Called Strike
0-2: Strikes out looking
Batting: RHB Dan Serratos 0-0: Ball
1-0: Foul Ball, location: 3F
1-1: Fly out, F6 (Popup, 6MS, EV 79.4 MPH)
Batting: RHB Juan Fernandez 0-0: Ball
1-0: SINGLE (Line Drive, 34D, EV 103.1 MPH)
Batting: LHB Marco Quintana 0-0: Called Strike
0-1: Ball
1-1: Ball
2-1: Foul Ball, location: 7LMF
2-2: Foul Ball, location: 5F
2-2: Strikes out swinging
Top of the 1st over - 0 runs, 1 hit, 0 errors, 1 left on base; New York 0 - Los Angeles 0
BOTTOM OF THE 1ST
Los Angeles Dodgers batting - Pitching for New York Mets : RHP Robby Huffman
Pitching: RHP Robby Huffman
Batting: LHB Juan Vasquez 0-0: Ball
1-0: Called Strike
1-1: Foul Ball, location: 3F
1-2: Foul Ball, location: 5FF
1-2: Ground out 4-3 (Groundball, 4, EV 86.3 MPH)
Batting: LHB Rich Barrientos 0-0: Ball
1-0: Ball
2-0: Ground out 6-3 (Groundball, 6S, EV 75.0 MPH)
Batting: LHB Mitch Drew 0-0: Foul Ball, location: 2F
0-1: Foul Ball, location: 2F
0-2: Foul Ball, location: 3F
0-2: Fly out, F5 (Popup, 56S, EV 66.9 MPH)
Bottom of the 1st over - 0 runs, 0 hits, 0 errors, 0 left on base; New York 0 - Los Angeles 0
TOP OF THE 2ND
New York Mets batting - Pitching for Los Angeles Dodgers : RHP Min-jun Hong
Batting: RHB Bobby Vargas 0-0: Fly out, F4 (Popup, 34S, EV 70.6 MPH)
Batting: RHB Henry Cano 0-0: Foul Ball, location: 2F
0-1: Ball
1-1: Ball
2-1: Ball
3-1: Foul Ball, location: 3FF
3-2: Strikes out swinging
Batting: RHB Loys Moscoso 0-0: Swinging Strike
0-1: Swinging Strike
0-2: Strikes out swinging
Top of the 2nd over - 0 runs, 0 hits, 0 errors, 0 left on base; New York 0 - Los Angeles 0
BOTTOM OF THE 2ND
Los Angeles Dodgers batting - Pitching for New York Mets : RHP Robby Huffman
Batting: LHB Alex Martines 0-0: Ball
1-0: Ball
2-0: Called Strike
2-1: Foul Ball, location: 3FF
2-2: Strikes out swinging
Batting: RHB Zach Hord 0-0: Foul Ball, location: 2F
0-1: Called Strike
0-2: Strikes out swinging
Batting: RHB Brady House 0-0: Ball
1-0: Ball
2-0: Foul Ball, location: 2F
2-1: Fly out, F7 (Flyball, 7LSF, EV 76.3 MPH)
Bottom of the 2nd over - 0 runs, 0 hits, 0 errors, 0 left on base; New York 0 - Los Angeles 0
TOP OF THE 3RD
New York Mets batting - Pitching for Los Angeles Dodgers : RHP Min-jun Hong
Batting: RHB Ben Sweeney 0-0: Called Strike
0-1: Ball
1-1: Ball
2-1: Foul Ball, location: 2F
2-2: Foul Ball, location: 9LSF
2-2: Strikes out looking
Batting: RHB Julian Moreno 0-0: Called Strike
0-1: Called Strike
0-2: Strikes out swinging
Batting: SHB C.J. Youakim 0-0: Called Strike
0-1: Called Strike
0-2: Foul Ball, location: 23FF
0-2: Ball
1-2: Foul Ball, location: 2F
1-2: Hit by Pitch
Batting: RHB Dan Serratos 0-0: Fly out, F8 (Flyball, 8LXD, EV 99.4 MPH)
Top of the 3rd over - 0 runs, 0 hits, 0 errors, 1 left on base; New York 0 - Los Angeles 0
BOTTOM OF THE 3RD
Los Angeles Dodgers batting - Pitching for New York Mets : RHP Robby Huffman
Batting: LHB J.J. Hogan 0-0: Ball
1-0: Ball
2-0: Foul Ball, location: 7LSF
2-1: Called Strike
2-2: Ball
3-2: Foul Ball, location: 2F
3-2: Base on Balls
Batting: RHB Drew Bowser 0-0: Grounds into double play, 4-6-3 (Groundball, 4, EV 106.3 MPH)
Batting: LHB Donavan Stone 0-0: Ball
1-0: Fly out, F8 (Flyball, 78D, EV 91.9 MPH)
Bottom of the 3rd over - 0 runs, 0 hits, 0 errors, 0 left on base; New York 0 - Los Angeles 0
TOP OF THE 4TH
New York Mets batting - Pitching for Los Angeles Dodgers : RHP Min-jun Hong
Batting: RHB Juan Fernandez 0-0: Ball
1-0: Foul Ball, location: 9LDF
1-1: Fly out, F8 (Flyball, 8RM, EV 83.1 MPH)
Batting: LHB Marco Quintana 0-0: Called Strike
0-1: Fly out, F8 (Flyball, 78D, EV 89.4 MPH)
Batting: RHB Bobby Vargas 0-0: Ball
1-0: Called Strike
1-1: Foul Ball, location: 23FF
1-2: Ball
2-2: Foul Ball, location: 25FF
2-2: Strikes out swinging
Top of the 4th over - 0 runs, 0 hits, 0 errors, 0 left on base; New York 0 - Los Angeles 0
BOTTOM OF THE 4TH
Los Angeles Dodgers batting - Pitching for New York Mets : RHP Robby Huffman
Batting: LHB Juan Vasquez 0-0: Called Strike
0-1: Ball
1-1: Called Strike
1-2: Strikes out swinging
Batting: LHB Rich Barrientos 0-0: Swinging Strike
0-1: Foul Ball, location: 7LMF
0-2: Ball
1-2: SINGLE (Line Drive, 6D, EV 106.3 MPH)
Batting: LHB Mitch Drew 0-0: Foul Ball, location: 2F
0-1: Foul Ball, location: 23F
0-2: Ball
1-2: Strikes out swinging
Batting: LHB Alex Martines 0-0: Ball
1-0: Ball
2-0: Ground out U3 (Groundball, 3, EV 106.9 MPH)
Bottom of the 4th over - 0 runs, 1 hit, 0 errors, 1 left on base; New York 0 - Los Angeles 0
TOP OF THE 5TH
New York Mets batting - Pitching for Los Angeles Dodgers : RHP Min-jun Hong
Batting: RHB Henry Cano 0-0: Ground out U3 (Groundball, 34S, EV 87.5 MPH)
Batting: RHB Loys Moscoso 0-0: Ball
1-0: Called Strike
1-1: Ball
2-1: Foul Ball, location: 3F
2-2: Foul Ball, location: 9LMF
2-2: Ball
3-2: Foul Ball, location: 2F
3-2: Fly out, F6 (Line Drive, 6, EV 67.5 MPH)
Batting: RHB Ben Sweeney 0-0: Ball
1-0: Swinging Strike
1-1: DOUBLE (Flyball, 8RXD, EV 105.6 MPH)
Batting: RHB Julian Moreno 0-0: Ball
1-0: Ball
2-0: Foul Ball, location: 2F
2-1: Ball
3-1: SINGLE (Groundball, 6MD, EV 106.3 MPH)
Ben Sweeney to third
Runner from 3rd tries for Home, SAFE, throw by CF to home
Batting: SHB C.J. Youakim 0-0: Called Strike
0-1: Ball
1-1: Ball
2-1: Ball
3-1: Ground out 4-3 (Groundball, 4, EV 100.6 MPH)
Top of the 5th over - 1 run, 2 hits, 0 errors, 1 left on base; New York 1 - Los Angeles 0
BOTTOM OF THE 5TH
Los Angeles Dodgers batting - Pitching for New York Mets : RHP Robby Huffman
Batting: RHB Zach Hord 0-0: SINGLE (Line Drive, 8LS, EV 92.5 MPH)
Batting: RHB Brady House 0-0: Ball
1-0: Called Strike
1-1: Ball
2-1: Bunted foul
2-2: Strikes out looking
Batting: LHB J.J. Hogan 0-0: Ball
1-0: Grounds into double play, 6-4-3 (Groundball, 6MD, EV 110.0 MPH)
Bottom of the 5th over - 0 runs, 1 hit, 0 errors, 0 left on base; New York 1 - Los Angeles 0
TOP OF THE 6TH
New York Mets batting - Pitching for Los Angeles Dodgers : RHP Min-jun Hong
Batting: RHB Dan Serratos 0-0: Ball
1-0: Called Strike
1-1: Swinging Strike
1-2: Ball
2-2: Fly out, F8 (Flyball, 8LXD, EV 100.6 MPH)
Batting: RHB Juan Fernandez 0-0: Foul Ball, location: 25F
0-1: Swinging Strike
0-2: Strikes out swinging
Batting: LHB Marco Quintana 0-0: Ball
1-0: Swinging Strike
1-1: Ball
2-1: Ball
3-1: Base on Balls
Batting: RHB Bobby Vargas 0-0: Ball
1-0: SINGLE (Line Drive, 56, EV 100.6 MPH)
Marco Quintana to second
Batting: RHB Henry Cano 0-0: Called Strike
0-1: Called Strike
0-2: Ball
1-2: Fly out, F7 (Flyball, 7, EV 93.1 MPH)
Top of the 6th over - 0 runs, 1 hit, 0 errors, 2 left on base; New York 1 - Los Angeles 0
BOTTOM OF THE 6TH
Los Angeles Dodgers batting - Pitching for New York Mets : RHP Robby Huffman
Batting: RHB Drew Bowser 0-0: Ball
1-0: Ball
2-0: Foul Ball, location: 9LDF
2-1: Swinging Strike
2-2: Foul Ball, location: 23FF
2-2: Strikes out swinging
Batting: LHB Donavan Stone 0-0: Called Strike
0-1: Called Strike
0-2: Ball
1-2: SINGLE (Groundball, 4MD, EV 101.9 MPH)
Batting: LHB Juan Vasquez 0-0: Ball
Donavan Stone steals 2nd base
1-0: Called Strike
1-1: Foul Ball, location: 2F
1-2: Ball
2-2: Ball
3-2: Strikes out swinging
Batting: LHB Rich Barrientos 0-0: Ball
1-0: Swinging Strike
1-1: Foul Ball, location: 2F
1-2: Strikes out looking
Bottom of the 6th over - 0 runs, 1 hit, 0 errors, 1 left on base; New York 1 - Los Angeles 0
TOP OF THE 7TH
New York Mets batting - Pitching for Los Angeles Dodgers : RHP Min-jun Hong
Batting: RHB Loys Moscoso 0-0: Called Strike
0-1: Ball
1-1: Foul Ball, location: 9LMF
1-2: Ball
2-2: Ball
3-2: Foul Ball, location: 9LSF
3-2: Fly out, F3 (Popup, 3, EV 57.5 MPH)
Pitching: RHP Robby Candler
Batting: RHB Ben Sweeney 0-0: Foul Ball, location: 5SF
0-1: Foul Ball, location: 7LDF
0-2: SINGLE (Groundball, 4M, EV 81.3 MPH) (infield hit)
Batting: RHB Julian Moreno 0-0: Ball
Ben Sweeney is caught stealing 2nd base 2-4
1-0: Swinging Strike
1-1: Foul Ball, location: 2F
1-2: Foul Ball, location: 3DF
1-2: Ball
2-2: Ball
3-2: Base on Balls
Batting: SHB C.J. Youakim 0-0: Ball
1-0: Called Strike
1-1: Called Strike
1-2: Ball
2-2: Foul Ball, location: 7LDF
2-2: Fly out, F8 (Flyball, 8RM, EV 91.9 MPH)
Top of the 7th over - 0 runs, 1 hit, 0 errors, 1 left on base; New York 1 - Los Angeles 0
BOTTOM OF THE 7TH
Los Angeles Dodgers batting - Pitching for New York Mets : RHP Robby Huffman
Batting: LHB Mitch Drew 0-0: Ball
1-0: Ball
2-0: Swinging Strike
2-1: Ground out 6-3 (Groundball, 6M, EV 108.8 MPH)
Batting: LHB Alex Martines 0-0: Foul Ball, location: 2F
0-1: Fly out, F8 (Flyball, 8LM, EV 86.9 MPH)
Batting: RHB Zach Hord 0-0: Called Strike
0-1: Ball
1-1: Swinging Strike
1-2: Strikes out swinging
Bottom of the 7th over - 0 runs, 0 hits, 0 errors, 0 left on base; New York 1 - Los Angeles 0
TOP OF THE 8TH
New York Mets batting - Pitching for Los Angeles Dodgers : RHP Robby Candler
Batting: RHB Dan Serratos 0-0: Ball
1-0: Swinging Strike
1-1: Ball
2-1: Ground out 4-3 (Groundball, 4, EV 109.4 MPH)
Batting: RHB Juan Fernandez 0-0: Called Strike
0-1: Called Strike
0-2: Ball
1-2: Ball
2-2: Ground out 5-3 (Groundball, 56, EV 105.6 MPH)
Pitching: LHP Mike Austin
Batting: LHB Marco Quintana 0-0: Swinging Strike
0-1: Ball
1-1: Ball
2-1: Foul Ball, location: 2F
2-2: Foul Ball, location: 5F
2-2: Ground out 3-1 (Groundball, 34S, EV 86.9 MPH)
Top of the 8th over - 0 runs, 0 hits, 0 errors, 0 left on base; New York 1 - Los Angeles 0
BOTTOM OF THE 8TH
Los Angeles Dodgers batting - Pitching for New York Mets : RHP Robby Huffman
Batting: RHB Brady House 0-0: SINGLE (Line Drive, 7LS, EV 100.6 MPH)
Batting: LHB J.J. Hogan 0-0: Called Strike
0-1: Foul Ball, location: 25F
0-2: Foul Ball, location: 23F
0-2: Ball
1-2: Ball
2-2: Strikes out swinging
Batting: RHB Drew Bowser 0-0: Called Strike
0-1: Swinging Strike
0-2: Ball
1-2: Strikes out swinging
Batting: LHB Donavan Stone 0-0: Fielders Choice at 2nd, 6-4 (Groundball, 6, EV 87.5 MPH)
Bottom of the 8th over - 0 runs, 1 hit, 0 errors, 1 left on base; New York 1 - Los Angeles 0
TOP OF THE 9TH
New York Mets batting - Pitching for Los Angeles Dodgers : LHP Mike Austin
Batting: RHB Bobby Vargas 0-0: Called Strike
0-1: Foul Ball, location: 2F
0-2: Strikes out swinging
Batting: RHB Henry Cano 0-0: Ball
1-0: Ball
2-0: Ball
3-0: Base on Balls
Batting: RHB Loys Moscoso 0-0: Ball
1-0: Ball
2-0: Called Strike
2-1: Foul Ball, location: 5F
2-2: Foul Ball, location: 2F
2-2: Ball
3-2: Strikes out swinging
Henry Cano is caught stealing 2nd base 2-4
Batter strikes out.
Top of the 9th over - 0 runs, 0 hits, 0 errors, 0 left on base; New York 1 - Los Angeles 0
BOTTOM OF THE 9TH
Los Angeles Dodgers batting - Pitching for New York Mets : RHP Robby Huffman
Pitching: RHP Eric Davis
Batting: LHB Juan Vasquez 0-0: Foul Ball, location: 7LSF
0-1: Swinging Strike
0-2: Ground out 1-3 (Groundball, P, EV 64.4 MPH)
Batting: LHB Rich Barrientos 0-0: Swinging Strike
0-1: Ball
1-1: Foul Ball, location: 2F
1-2: Strikes out swinging
Batting: LHB Mitch Drew 0-0: Ball
1-0: Called Strike
1-1: Fly out, F8 (Flyball, 78XD, EV 108.1 MPH)
Bottom of the 9th over - 0 runs, 0 hits, 0 errors, 0 left on base; New York 1 - Los Angeles 0
Thursday, April 4th , 2024 - OOTP Baseball 24.11 Build 85